 Dungeon Crawl Stone Soup version 0.26-a0-466-g989023bd0d (webtiles) character file.

Game seed: 344297065667889432

33 mortelune the Skirmisher (level 3, 0/30 HPs)
             Began as a Formicid Abyssal Knight on Aug 2, 2020.
             Was a Follower of Lugonu.
             Succumbed to an adder's poison
             ... on level 2 of the Dungeon.
             The game lasted 00:02:12 (1517 turns).

mortelune the Skirmisher (Formicid Abyssal Knight)  Turns: 1517, Time: 00:02:13

Health: 0/30       AC:  3    Str: 16    XL:     3   Next: 47%
Magic:  4/4        EV: 11    Int: 11    God:    Lugonu [*.....]
Gold:   71         SH:  0    Dex: 11    Spells: 2/2 levels left

rFire    + . .     SeeInvis +   a - +2 falchion
rCold    x . .     Faith    .   (no shield)
rNeg     . . .     Spirit   .   b - +0 leather armour
rPois    .         Reflect  .   (helmet unavailable)
rElec    .         Harm     .   (no cloak)
rCorr    .                      (no gloves)
MR       .....                  (no boots)
Stlth    +.........             (no amulet)
HPRegen  0.10/turn              h - ring of fire
MPRegen  0.09/turn              (no ring)

@: lethally poisoned (0 -> -6)
A: permanent stasis, dig shafts and tunnels, four strong arms, antennae 3
a: Dig, Shaft Self, Depart the Abyss, Renounce Religion


You were on level 2 of the Dungeon.
You worshipped Lugonu.
Lugonu was aware of your devotion.
You visited 1 branch of the dungeon, and saw 2 of its levels.
You visited the Abyss 1 time.

You collected 71 gold pieces.

Inventory:

Hand Weapons
 a - a +2 falchion (weapon)
Missiles
 f - 5 atropa-tipped darts (quivered)
Armour
 b - a +0 leather armour (worn)
Jewellery
 h - a ring of fire (left hand)
Scrolls
 d - 2 scrolls of noise
 i - a scroll of identify


   Skills:
 + Level 3.8 Fighting
 * Level 3.2 Long Blades
 - Level 2.1 Armour
 - Level 0.8 Dodging
 - Level 2.1 Invocations


You had 2 spell levels left.
You didn't know any spells.
Your spell library was empty.

Dungeon Overview and Level Annotations

Branches:
Dungeon (2/15)

Altars:


Innate Abilities, Weirdness & Mutations

You cannot be hasted, slowed, berserked, paralysed or teleported.
You can dig through walls and to a lower floor.
Your four strong arms can wield two-handed weapons with a shield.
You have a pair of large antennae on your head. (SInv)


Message History

You feel sick.
* * * LOW HITPOINT WARNING * * *
You feel sick.
* * * LOW HITPOINT WARNING * * *
You feel sick.
As you read the scroll labeled DIRUIV RETE, it crumbles to dust.
It is a scroll of identify.
d - 2 scrolls of noise;
i - a scroll of identify
c - a scroll labeled TIGOHA GOPNAQ
As you read the scroll labeled DUODIO OSAUFF, it crumbles to dust.
It is a scroll of enchant weapon.
Your +1 falchion glows red for a moment.
* * * LOW HITPOINT WARNING * * *
You feel sick.
As you read the scroll labeled JIFIYVEIRO, it crumbles to dust.
The scroll dissolves into smoke.
It was a scroll of fog.
As you read the scroll labeled TIGOHA GOPNAQ, it crumbles to dust.
Your stasis prevents you from teleporting.
It was a scroll of blinking.
You die...

#.#.######.#.#####.#.#####.#
#.#.....)..#.#........# ###
#.#.#....###.#.###.#..#
#.###....# #.#.###.#..#
#...'..>.# #.#.....#..#
#####....# #.#####.#..#
####.....###.#........#
.............#.######.#
.....#.........#@§§.#..(
.....+.........#§##.#####
..##.#.........#§##.#
..##.#.........#.##.#
..##.#.........#.##.#
..##.#.........#.##.#
..+..#########.#.##.#
..############.#.##.#######
####...........#...........


There were no monsters in sight!

Vanquished Creatures
  An adder (D:2)
  A dart slug (D:1)
  2 leopard geckos
  A bat (D:2)
  A giant cockroach (D:1)
  3 goblins (D:1)
  2 hobgoblins
  3 kobolds (D:1)
  A quokka (D:2)
  A frilled lizard (D:1)
  3 rats (D:1)
19 creatures vanquished.

Notes
Turn   | Place    | Note
-------+----------+-------------------------------------------
     0 | Abyss:1  | mortelune the Formicid Abyssal Knight began the quest for
                  | the Orb.
     0 | Abyss:1  | Reached XP level 1. HP: 18/18 MP: 2/2
    52 | Abyss:1  | Noticed a smoke demon
    53 | D:1      | Escaped the Abyss
   283 | D:1      | Reached * piety under Lugonu
   283 | D:1      | Reached XP level 2. HP: 21/24 MP: 3/3
  1222 | D:2      | Reached XP level 3. HP: 30/30 MP: 4/4
  1243 | D:2      | Found a faded altar of an unknown god.
  1515 | D:2      | HP: 1/30 [poisoned by an adder]
  1517 | D:2      | Succumbed to an adder's poison

Illustrated notes

Levels and vault maps discovered:
D:1:      matt_arrival_los_fun, layout_basic
D:2:      layout_basic, nicolae_dithmenos_shadow_blocks,
          chequers_ecumenical_altar_twisty

Skill      XL: |  1  2  3 |
---------------+----------+-----
Long Blades    | 3 |  3.2
Fighting       | |  3.8
Armour         | |  2.1
Dodging        | |  0.8
Invocations    | |  2.1

Action                   || total
-------------------------++-------
Melee: Falchion          ||    49
Invok: Depart the Abyss  ||     1
  Use: Scroll            ||     4
Armor: Leather armour    ||    12
Dodge: Dodged            ||    24
       Rpst.: Falchion   ||    10

Table legend: (Time is in decaauts)
 A = Elapsed time spent in this place.
 B = Non-inter-level travel time spent in this place.
 C = Inter-level travel time spent in this place.
 D = Time resting spent in this place.
 E = Time spent auto-exploring this place.
 F = Levels seen in this place.
 G = Mean time per level.
                   A        B        C        D        E       F      G
               +--------+--------+--------+--------+--------+-----+--------+
         Total |   1524 |   1445 |     79 |    106 |   1190 |   3 |  508.0 |
       Dungeon |   1471 |   1392 |     79 |    106 |   1139 |   2 |  735.5 |
         Abyss |     53 |     53 |      0 |      0 |     51 |   1 |   53.0 |
               +--------+--------+--------+--------+--------+-----+--------+

Top non-repeatable levels by time:
     D:1: 1112 daAuts
     D:2: 358 daAuts
 Abyss:1: 53 daAuts
